 Dungeon Crawl Stone Soup version 0.28-a0-535-g6f645e4c1d (webtiles) character file.

Game seed: 6035456674318316226

156 Spaninq the Chopper (level 5, -3/46 HPs)
             Began as a Hill Orc Warper on Sept 26, 2021.
             Slain by a two-headed ogre (8 damage)
             ... on level 6 of the Dungeon.
             The game lasted 00:03:54 (2072 turns).

Spaninq the Chopper (Hill Orc Warper)               Turns: 2072, Time: 00:03:55

Health: -3/46      AC:  6    Str: 15    XL:     5   Next: 38%
Magic:  7/7        EV:  9    Int: 13    God:
Gold:   81         SH:  0    Dex: 10    Spells: 5/7 levels left

rFire   . . .      SeeInvis .   a - +0 hand axe
rCold   . . .      Faith    .   (no shield)
rNeg    . . .      Spirit   .   h - +0 scale mail
rPois   .          Reflect  .   (no helmet)
rElec   .          Harm     .   (no cloak)
rCorr   .          Rampage  .   (no gloves)
Will    .....                   (no boots)
Stlth   ..........              e - amulet of regeneration
HPRegen 1.15/turn               (no ring)
MPRegen 0.10/turn               (no ring)

@: no status effects
A: no striking features
a: no special abilities


You were on level 6 of the Dungeon.
You visited 1 branch of the dungeon, and saw 4 of its levels.

You collected 81 gold pieces.

Inventory:

Hand Weapons
 a - a +0 hand axe (weapon)
Missiles
 d - 5 boomerangs of dispersal (quivered)
 k - 4 silver javelins
Armour
 h - a +0 scale mail (worn)
Jewellery
 e - an amulet of regeneration (around neck)
Wands
 i - a wand of digging (7)
Scrolls
 c - a scroll of blinking
 f - 4 scrolls of identify {unknown}
 m - a scroll of teleportation {unknown}
Potions
 b - a potion of curing {unknown}
 g - a potion of flight {unknown}
 j - a potion of attraction {unknown}
 l - a potion of lignification {unknown}


   Skills:
 + Level 3.8 Fighting
 * Level 5.4 Axes
 - Level 0.8 Throwing
 + Level 2.8 Armour
 - Level 1.5 Dodging
 - Level 1.5 Spellcasting
 - Level 2.4 Translocations


You had 5 spell levels left.
You knew the following spells:

 Your Spells              Type           Power      Damage    Failure   Level
a - Blink                 Tloc           N/A        N/A       50%         2

Your spell library contained the following spells:

 Spells                   Type           Power      Damage    Failure   Level
 Gell's Gravitas          Tloc           3%         N/A       75%         3
 Lesser Beckoning         Tloc           7%         N/A       75%         3
 Teleport Other           Tloc           7%         N/A       75%         3
 Manifold Assault         Tloc           7%         N/A       100%        5


Dungeon Overview and Level Annotations

Branches:
Dungeon (3/15)

Altars:
Nemelex Xobeh

Shops:
D:1 =


Message History

The bullfrog closely misses you.
You barely miss the bullfrog.
The bullfrog is lightly wounded.
The bullfrog closely misses you. The bullfrog barely misses you.
You hit the bullfrog.
The bullfrog is moderately wounded.
The bullfrog barely misses you. The bullfrog closely misses you.
You hit the bullfrog.
The bullfrog is heavily wounded.
The bullfrog hits you.
You hit the bullfrog.
The bullfrog is heavily wounded.
The bullfrog closely misses you.
The bullfrog hits you but does no damage.
You slash the bullfrog!
The bullfrog is almost dead.
The bullfrog hits you but does no damage.
You hit the bullfrog.
You kill the bullfrog!
Your Axes skill increases to level 5!
You have reached level 5!
You feel stronger.
You see here a scroll labelled VAEWKU ZEJU.
f - 4 scrolls labelled VAEWKU ZEJU (gained 1)
The gnoll hits you with a +0 club.
A two-headed ogre comes into view.
It is wielding a +0 giant spiked club and a +0 giant club.
The two-headed ogre shouts in stereo!
An adder comes into view.
Found a book of Weapons.
The adder hisses angrily.
Found 9 gold pieces.
The two-headed ogre hits you with a +0 giant spiked club!!
The two-headed ogre barely misses you. The adder bites you but does no damage.
The two-headed ogre hits you with a +0 giant spiked club!
The two-headed ogre hits you with a +0 giant club!
* * * LOW HITPOINT WARNING * * *
The two-headed ogre hits you with a +0 giant spiked club!
* * * LOW HITPOINT WARNING * * *
The two-headed ogre hits you with a +0 giant club!
You die...

#8. .. 8.8
###.# ##...##
# #...:.##.#
#........#
#....@#######
##..OS....$..
#..g........
##.#########
.# #g# #..
#.# ... #.#
#.# #g# #.# #
#.#


You could see a two-headed ogre, 2 gnolls and an adder.

Vanquished Creatures
  A bullfrog (D:6)
  A jelly (D:3)
  An adder (D:2)
  A worm (D:2)
  2 dart slugs
  5 ball pythons (D:2)
  3 endoplasms (D:1)
  3 giant cockroaches
  5 goblins
  6 hobgoblins
  2 quokkas
  4 bats
  A frilled lizard (D:1)
  2 kobolds
  4 rats
41 creatures vanquished.

Notes
Turn   | Place    | Note
-------+----------+-------------------------------------------
     0 | D:1      | Spaninq the Hill Orc Warper began the quest for the Orb.
     0 | D:1      | Reached XP level 1. HP: 18/18 MP: 3/3
   214 | D:1      | Reached skill level 3 in Axes
   217 | D:1      | Reached XP level 2. HP: 16/25 MP: 4/4
   695 | D:1      | Found Benaidie's Jewellery Shoppe.
   942 | D:1      | Learned a level 2 spell: Blink
  1100 | D:1      | Reached XP level 3. HP: 30/30 MP: 5/5
  1419 | D:2      | Found a faded altar of an unknown god.
  1518 | D:2      | Reached skill level 4 in Axes
  1806 | D:2      | Found a sparkling altar of Nemelex Xobeh.
  1866 | D:2      | Reached XP level 4. HP: 38/38 MP: 6/6
  2033 | D:3      | You fall into a shaft and drop 3 floors!
  2039 | D:6      | Noticed a bullfrog
  2052 | D:6      | Killed a bullfrog
  2053 | D:6      | Reached skill level 5 in Axes
  2053 | D:6      | Reached XP level 5. HP: 40/46 MP: 7/7
  2066 | D:6      | Noticed a two-headed ogre
  2072 | D:6      | Slain by a two-headed ogre

Illustrated notes

Levels and vault maps discovered:
D:1:      dpeg_arrival_round_a, layout_loops_corners, serial_shops, shop
D:2:      layout_rooms, basic_altar, ebering_ecumenical_altar_box
D:3:      layout_basic, minmay_shallow_snake_nest
D:6:      cheibrodos_helix_gallery, layout_loops_ring, lemuel_doored_altar,
          small_statue_intersection, glass_columns_a

Skill      XL: |  1  2  3  4 |
---------------+-------------+-----
Axes           | 3 4 5 |  5.4
Fighting       | 3 |  3.8
Armour         | 2 |  2.8
Throwing       | |  0.8
Dodging        | |  1.5
Spellcasting   | |  1.5
Translocations | |  2.4

Action                   |  1- 3 |  4- 6 || total
-------------------------+-------+-------++-------
Melee: Hand axe          |   164 |    24 ||   188
Armor: Leather armour    |    19 |       ||    19
       Scale mail        |    63 |     8 ||    71
Dodge: Dodged            |    97 |    18 ||   115

Table legend: (Time is in decaauts)
 A = Elapsed time spent in this place.
 B = Non-inter-level travel time spent in this place.
 C = Inter-level travel time spent in this place.
 D = Time resting spent in this place.
 E = Time spent auto-exploring this place.
 F = Levels seen in this place.
 G = Mean time per level.
                   A        B        C        D        E       F      G
               +--------+--------+--------+--------+--------+-----+--------+
         Total |   2092 |   2043 |     49 |      0 |   1517 |   4 |  523.0 |
       Dungeon |   2092 |   2043 |     49 |      0 |   1517 |   4 |  523.0 |
               +--------+--------+--------+--------+--------+-----+--------+

Top non-repeatable levels by time:
     D:1: 1410 daAuts
     D:2: 535 daAuts
     D:3: 107 daAuts
     D:6: 39 daAuts
